Map: Abyssal Reef LE

Players

Denver - Winner!

  • Race: Zerg Zerg
  • Spawn Location: 11:00

EotenaS

  • Race: Terran Terran
  • Spawn Location: 5:00

Event: WCS Valencia 2017

VOD

Have the link to the VOD?

Description

Time

  • Played on: July 13, 2017, 6:53 a.m.
  • Length: 5:48

All games in this series

Show
View Real Time Build Order
Export as new Build Order

Denver Zerg - Winner!

Build Orders: Pool First 

Get SALT Encoding   

  12  0:00  Drone  
  13  0:12  Overlord  
  13  0:17  Drone  
  14  0:31  Drone x2  
  16  0:36  Drone  
  16  0:40  Extractor  
  16  0:45  Drone  
  17  0:50  Spawning Pool  
  17  0:56  Drone  
  17  1:17  Hatchery  
  16  1:21  Drone  
  16  1:25  Drone  
  18  1:37  Queen  
  20  1:43  Metabolic Boost  
  20  1:48  Zergling x2  
  20  1:53  Overlord  
  21  1:57  Drone  
  22  2:13  Drone x2  
  22  2:14  Queen  
  26  2:33  Hatchery  
  26  2:35  Drone  
  26  2:37  Drone  
  26  2:40  Drone  
  28  2:44  Drone  
  28  2:49  Drone  
  30  2:54  Drone x2  
  32  2:59  Overlord  
  32  3:02  Drone  
  33  3:06  Zergling x2  
  33  3:08  Drone  
  35  3:16  Queen  
  35  3:18  Drone  
  35  3:19  Drone  
  38  3:24  Drone x2  
  40  3:28  Drone x3  
  43  3:41  Roach Warren  
  43  3:45  Extractor, Drone x3  
  44  3:49  Drone  
  44  3:50  Drone  
  45  3:56  Zergling x10  
  45  4:02  Overlord x2  
  50  4:03  Overlord  
  50  4:13  Overlord  
  50  4:24  Roach  
  50  4:25  Roach x6  
  50  4:29  Roach x2  
  67  4:33  Roach  
  67  4:36  Roach x2  
  73  4:39  Roach  
  73  4:44  Roach  
  73  4:45  Roach  
  79  4:47  Overlord  
  79  4:50  Zergling x4  
  81  4:56  Overlord  
  81  5:01  Zergling x2  
  81  5:04  Zergling x2  
  81  5:05  Zergling x10  
  81  5:07  Overlord  
  87  5:10  Drone  
  87  5:12  Ravager x2  
  90  5:17  Zergling x8  
  90  5:30  Ravager  
  90  5:31  Drone  
Show
View Real Time Build Order
Export as new Build Order

EotenaS Terran 

Build Orders: Reaper Expand 

Get SALT Encoding   

  12  0:01  SCV  
  13  0:13  SCV  
  14  0:18  Supply Depot  
  14  0:25  SCV  
  15  0:40  SCV  
  15  0:41  Barracks  
  16  0:46  Refinery  
  16  0:52  SCV  
  17  1:04  SCV  
  18  1:19  SCV  
  19  1:32  Orbital Command  
  19  1:33  Reaper  
  20  1:42  Command Center  
  20  1:53  Supply Depot  
  20  1:57  SCV  
  21  2:05  Marine  
  22  2:09  SCV  
  23  2:20  Factory  
  23  2:21  SCV  
  24  2:26  Barracks Reactor  
  24  2:33  SCV  
  25  2:45  SCV, Command Center  
  25  2:59  SCV  
  25  3:00  Refinery  
  26  3:17  Orbital Command  
  26  3:18  SCV  
  26  3:22  Hellion x2  
  26  3:24  Starport  
  30  3:31  SCV  
  31  3:38  Barracks Reactor  
  31  3:43  SCV  
  31  3:45  Hellion  
  34  3:50  SCV  
  34  3:55  SCV  
  36  4:02  SCV  
  37  4:03  Orbital Command  
  37  4:07  Liberator, SCV  
  37  4:08  Liberator  
  38  4:11  Hellion  
  38  4:14  SCV  
  41  4:19  SCV  
  41  4:23  Hellion  
  44  4:26  SCV  
  51  4:38  Hellion  
  51  4:42  SCV x3  
  51  4:43  Engineering Bay  
  51  4:45  Engineering Bay  
  53  4:51  Supply Depot  
  53  4:53  Supply Depot  
  53  4:54  SCV  
  53  4:55  SCV  
  53  4:56  SCV, Supply Depot  
  56  5:04  Supply Depot  
  56  5:09  SCV  
  56  5:10  SCV  
  56  5:13  Supply Depot  
  58  5:15  SCV  
  58  5:16  Refinery  
  58  5:17  Refinery  
  62  5:22  SCV  
  62  5:26  SCV  
  62  5:27  SCV, Armory  
Tags
 
Add a new tag
Caveats
  • Supply blocks, unpowered buildings, or Contaminate may cause inaccurate times.
  • Supply counts are checked every 10 seconds.